 Dungeon Crawl Stone Soup version 0.25.1-2-g60ff931df9 (webtiles) character file.

Game seed: 3694916994130213850

249658 nikku the Peltast (level 20, -14/151 HPs)
             Began as a Halfling Assassin on Nov 16, 2020.
             Was the Champion of Dithmenos.
             Shot with a bolt by a yaktaur (27 damage)
             ... led by a yaktaur captain
             ... on level 2 of the Vaults on Nov 18, 2020.
             The game lasted 04:03:21 (49759 turns).

nikku the Peltast (Halfling Assassin)              Turns: 49759, Time: 04:03:22

Health: -14/151    AC: 14    Str: 13    XL:     20   Next: 39%
Magic:  24/26      EV: 26    Int: 12    God:    Dithmenos [******]
Gold:   3279       SH: 18    Dex: 28    Spells: 19/19 levels left

rFire    . . .     SeeInvis .   a - +7 dagger (elec)
rCold    + . .     Gourm    .   H - +2 kite shield {rC+}
rNeg     + . .     Faith    +   n - +2 robe {MR+}
rPois    +         Spirit   .   J - +2 helmet {Int+3}
rElec    .         Reflect  .   c - +2 cloak
rCorr    .         Harm     .   (no gloves)
MR       ++...                  v - +2 pair of boots {run}
Stlth    ++++++++++             V - amulet of faith
HPRegen  0.35/turn              u - +4 ring of slaying
MPRegen  0.20/turn              B - ring "Ypyomouru" {+Blink rPois rN+ Str-2 Dex+6}

@: mighty, marked, berserk cooldown, slowed, wreathed by umbra, very slow
A: small, mutation resistance 1, MP-powered wands
}: 2/15 runes: decaying, gossamer
a: Shadow Step, Shadow Form, Renounce Religion, Evoke Blink


You were on level 2 of the Vaults.
You worshipped Dithmenos.
Dithmenos was exalted by your worship.
You were not hungry.

You visited 7 branches of the dungeon, and saw 34 of its levels.
You also visited: Ice Cave.

You collected 3449 gold pieces.
You spent 170 gold pieces at shops.

Inventory:

Hand Weapons
 a - a +7 dagger of electrocution (weapon)
 b - a +2 hunting sling of flaming
Missiles
 d - 12 poisoned darts (quivered)
 e - 7 curare-tipped darts
 i - 3 boomerangs of dispersal
 s - 19 atropa-tipped darts
 K - 6 sling bullets
Armour
 c - a +2 cloak (worn)
 g - +0 swamp dragon scales
 k - +0 acid dragon scales
 n - a +2 robe of magic resistance (worn)
 v - a +2 pair of boots of running (worn)
 H - a +2 kite shield of cold resistance (worn)
 J - a +2 helmet of intelligence (worn)
 R - a +3 troll leather armour {Snorg}
Jewellery
 h - an uncursed amulet of regeneration
 u - a +4 ring of slaying (left hand)
 B - the ring "Ypyomouru" (right hand) {+Blink rPois rN+ Str-2 Dex+6}
   (You found it on level 3 of the Spider Nest)

   [ring of dexterity]

   It affects your strength (-2).
   It affects your dexterity (+6).
   It protects you from poison.
   It protects you from negative energy.
   It lets you blink.
 D - an uncursed ring of protection from fire
 G - an uncursed ring of positive energy
 O - an uncursed ring of protection from cold
 V - an amulet of faith (around neck)
Wands
 j - a wand of iceblast (10)
 x - a wand of digging (9)
 y - a wand of acid (19)
 C - a wand of paralysis (28)
 N - a wand of disintegration (10)
 P - a wand of clouds (4)
Scrolls
 o - 5 scrolls of fog
 p - a scroll of blinking
 r - 9 scrolls of teleportation
 E - 6 scrolls of identify
 F - a scroll of holy word
 L - 5 scrolls of magic mapping
Potions
 m - 2 potions of curing
 t - 2 potions of invisibility
 w - 2 potions of ambrosia
 z - 4 potions of stabbing
 A - 4 potions of mutation
 M - 4 potions of lignification
 S - 3 potions of resistance
Miscellaneous
 l - a lightning rod (4/4)
Comestibles
 f - 38 rations
 Q - 2 chunks of flesh


   Skills:
 + Level 17.2 Fighting
 - Level 10.0 Short Blades
 - Level 11.4(13.3) Slings
 - Level 8.5(10.0) Throwing
 - Level 5.5 Armour
 - Level 10.0 Dodging
 + Level 16.9 Stealth
 + Level 17.6 Shields
 - Level 4.6 Invocations
 - Level 8.0 Evocations


You had 19 spell levels left.
You didn't know any spells.
Your spell library contained the following spells:

 Spells                   Type           Power        Failure   Level  Hunger
 Corona                   Hex            #......      41%         1    ##.....
 Foxfire                  Conj/Fire      #...         41%         1    ##.....
 Shock                    Conj/Air       #...         41%         1    ##.....
 Summon Small Mammal      Summ           #...         41%         1    ##.....
 Call Imp                 Summ           #.......     56%         2    ###....
 Ensorcelled Hibernation  Hex/Ice        #.....       56%         2    ###....
 Poisonous Vapours        Pois/Air       #.....       56%         2    ###....
 Swiftness                Chrm/Air       #.......     56%         2    ###....
 Call Canine Familiar     Summ           #.......     80%         3    ####...
 Confusing Touch          Hex            #.......     80%         3    ####...
 Conjure Flame            Conj/Fire      #.......     80%         3    ####...
 Dazzling Flash           Conj/Hex       #.....       80%         3    ####...
 Gell's Gravitas          Tloc           #.........   80%         3    ####...
 Inner Flame              Hex/Fire       #.......     80%         3    ####...
 Mephitic Cloud           Conj/Pois/Air  #.......     80%         3    ####...
 Static Discharge         Conj/Air       #.......     80%         3    ####...
 Summon Guardian Golem    Hex/Summ       #.......     80%         3    ####...
 Tukima's Dance           Hex            #.......     80%         3    ####...
 Airstrike                Air            #.........   99%         4    #####..
 Petrify                  Tmut/Erth      #.......     99%         4    #####..
 Sticky Flame             Conj/Fire      #.......     99%         4    #####..
 Summon Ice Beast         Ice/Summ       #.......     99%         4    #####..
 Summon Lightning Spire   Summ/Air       #.......     99%         4    #####..
 Borgnjor's Vile Clutch   Necr/Erth      #.........   100%        5    ######.
 Fireball                 Conj/Fire      #.........   100%        5    ######.
 Lightning Bolt           Conj/Air       #.........   100%        5    ######.
 Metabolic Englaciation   Hex/Ice        #.........   100%        5    ######.
 Silence                  Hex/Air        #.........   100%        5    ######.
 Yara's Violent Unravell  Hex/Tmut       #.........   100%        5    ######.
 Darkness                 Hex            #.........   100%        6    #######
 Freezing Cloud           Conj/Ice/Air   #.........   100%        6    #######
 Shadow Creatures         Summ           N/A          100%        6    #######
 Ring of Flames           Chrm/Fire      #.........   100%        7    #######


Dungeon Overview and Level Annotations

Branches:
Dungeon (15/15)            Temple (1/1) D:4            Lair (6/6) D:8
  Swamp (4/4) Lair:2       Spider (4/4) Lair:2        Slime (0/5) Lair:6
    Orc (2/2) D:10            Elf (0/3) Orc:2        Vaults (2/5) D:13
 Depths (0/5) D:15          IceCv (visited)
  Crypt: Vaults:2-3

Altars:
Ashenzari
Cheibriados
Dithmenos
Elyvilon
Fedhas
Gozag
Hepliaklqana
Kikubaaqudgha
Makhleb
Nemelex Xobeh
Okawaru
Qazlal
Ru
Sif Muna
Trog
Uskayaw
Vehumet
Wu Jian
Xom
Yredelemnul
Zin
The Shining One

Shops:
D:7 (   D:8 :   Orc:2 }[%!

Annotations:
D:10 1 runed translucent door, gbos's ghost, novice DsBe
Lair:5 exclusion: oklob plant
Swamp:1 exclusion: downstairs
Spider:1 exclusion: downstairs
Spider:3 exclusion: 2 downstairs


Innate Abilities, Weirdness & Mutations

You are small and have problems with some larger weapons.
You are somewhat resistant to further mutation.
You expend magic power (3 MP) to strengthen your wands.


Message History

Press: ? - help, Dir - move target cursor, f - vault warden
Aim: a vault warden, wielding a +0 great sword and wearing a +0 chain mail (umbra)
You feel a surge of power!
You create a blast of flame!
The orc knight is engulfed in blazing flames.
The vault warden hits you with a +0 war axe!
* * * LOW HITPOINT WARNING * * *
The vault warden is engulfed in blazing flames.
The vault warden closely misses you. The yaktaur completely misses you.
The orc knight is engulfed in blazing flames.
The cyclops is engulfed in blazing flames.
You feel better.
Your surroundings suddenly seem different.
The yaktaur wields an arbalest.
The yaktaur shoots a bolt.
You block the bolt.
An ogre comes into view. It is wielding a +0 giant spiked club.
A yaktaur, an ogre and 2 two-headed ogres come into view.
An ironheart preserver comes into view.
It is wielding a +0 flail and wearing a +0 ring mail of cold resistance.
The ironheart preserver mumbles some strange words.
The ironheart preserver begins to accept its allies' injuries.
The yaktaur shoots a bolt.
The bolt hits you!!
You die...

#.##.<.##.# #..########..
###....'#.# #..##....##))
###'#.#..# #..#......#))
##..####..# #..#......#..
#.....###.# #.[...##....[
#########'#####'#########
.........................
.........................
....^...@....O...........
.......(.....OOp).(......
..)..c.......O.).........
#####'##########)########
... #......)))..# ...
#...........# .≈≈≈.
#..###.###..# .≈≈≈ #
#.#.##..# .≈≈≈ #.#.#.#..#


You could see an ironheart preserver, 2 two-headed ogres, a yaktaur and 2 ogres.

Vanquished Creatures
  Mara (Spider:3)
  Asterion (Spider:3)
  3 thorn hunters
  Donald (Orc:1)
  5 vault wardens
  4 ghost moths
  A frost giant (IceCv)
  2 emperor scorpions
  An ironheart preserver (Vaults:2)
  A stone giant (Vaults:2)
  Nessos (Lair:4)
  2 spark wasps
  A fire dragon (Swamp:4)
  Snorg (Lair:4)
  Josephine (Lair:5)
  A great orb of eyes (Vaults:2)
  6 yaktaur captains
  Harold (D:10)
  2 ice dragons (Vaults:1)
  2 vault guards (D:13)
  25 hydras
  3 shambling mangroves
  8 two-headed ogres
  6 ghost crabs
  A centaur warrior (D:15)
  4 catoblepae
  A tengu warrior (D:14)
  11 alligators
  9 death yaks
  3 ogre magi
  4 orc high priests (Orc:2)
  Nergalle (D:12)
  5 deep elf knights
  5 skeletal warriors
  3 wizards
  5 unseen horrors
  2 spriggan druids (Swamp:3)
  11 swamp dragons
  A deep elf archer (Vaults:1)
  6 ironbrand convokers
  An oklob plant (Swamp:2)
  7 orc sorcerers
  11 orb spiders
  A necromancer (D:13)
  8 orc knights
  3 manticores
  12 ugly things
  30 wolf spiders
  9 cyclopes
  4 deep elf magi (Vaults:2)
  10 black mambas
  A moth of wrath (Spider:4)
  An ice statue (IceCv)
  2 centaur zombies
  6 elephants (Lair:6)
  2 torpor snails
  A molten gargoyle (Lair:5)
  5 vault sentinels
  A gargoyle (D:11)
  A spiny frog (shapeshifter) (D:15)
  23 spiny frogs
  4 rime drakes
  29 yaktaurs
  12 demonic crawlers
  6 komodo dragons
  2 efreet
  3 freezing wraiths (Vaults:1)
  8 trolls
  3 meliai (D:13)
  21 hornets
  18 polar bears
  Grinder (D:4)
  12 tyrant leeches
  10 bog bodies
  23 jumping spiders
  32 slime creatures
  A hippogriff (shapeshifter) (Vaults:1)
  13 blink frogs
  4 hippogriffs
  5 dream sheep (Lair:5)
  3 shadows
  50 yaks
  58 redbacks
  31 tarantellas
  4 wyverns
  5 spriggans
  3 vampires
  22 humans (D:13)
  7 basilisks
  8 wraiths
  A basilisk (shapeshifter) (Vaults:1)
  11 vampire mosquitoes
  A hungry ghost (D:14)
  16 swamp worms
  5 insubstantial wisps (Swamp:2)
  A yaktaur simulacrum (Vaults:2)
  2 acid dragons
  3 water moccasins
  2 hell hounds (Lair:2)
  Edmund (D:5)
  A soldier ant (D:12)
  Duvessa (D:6)
  5 porcupines
  21 orc warriors
  A black bear (D:7)
  3 sky beasts
  13 swamp drakes
  2 necrophages
  6 ice beasts
  A phantom (D:7)
  17 wolves
  12 ogres
  10 centaurs
  8 crocodiles
  A crocodile (shapeshifter) (Vaults:1)
  6 big kobolds
  29 bullfrogs
  Dowan (D:6)
  8 scorpions
  A water moccasin skeleton (D:8)
  14 killer bees
  5 electric eels
  4 howler monkeys
  14 wights
  5 lava snakes (Lair:5)
  5 crimson imps
  A human simulacrum (Vaults:1)
  9 hounds
  2 bullfrog zombies
  2 bullfrog skeletons
  7 jellies
  6 centaur skeletons
  13 orc priests
  Jessica (D:3)
  5 iguanas
  22 orc wizards
  3 hell rats (Lair:6)
  7 worker ants
  Terence (D:3)
  A hound zombie (D:10)
  A hound skeleton (D:9)
  A worker ant zombie (D:5)
  A howler monkey skeleton (D:5)
  4 gnolls
  10 adders
  11 river rats
  4 shadow imps
  6 oozes
  2 adder skeletons
  3 worms (D:2)
  2 dart slugs (D:1)
  5 leopard geckos
  87 orcs
  A ball python (D:3)
  6 giant cockroaches
  6 hobgoblins
  22 jackals
  44 kobolds
  11 quokkas
  5 bats
  4 frilled lizards
  9 goblins
  A leopard gecko skeleton (D:5)
  A quokka skeleton (D:5)
  30 rats
  2 briar patches (Swamp:2)
  A fungus (Lair:1)
1286 creatures vanquished.

Vanquished Creatures (others)
  A wizard (Vaults:1)
  A yaktaur (Vaults:1)
  A troll (D:13)
  An ogre (Vaults:2)
  An orc wizard (Orc:2)
  An orc (Vaults:1)
  8 fungi
  10 plants
24 creatures vanquished.

Grand Total: 1310 creatures vanquished

Notes
Turn   | Place    | Note
-------+----------+-------------------------------------------
     0 | D:1      | nikku the Halfling Assassin began the quest for the Orb.
     0 | D:1      | Reached XP level 1. HP: 14/14 MP: 1/1
   244 | D:1      | Reached XP level 2. HP: 6/19 MP: 2/2
   628 | D:1      | Reached XP level 3. HP: 24/24 MP: 3/3
  1395 | D:1      | Reached XP level 4. HP: 29/29 MP: 4/4
  2409 | D:2      | Reached skill level 5 in Stealth
  2409 | D:2      | Reached XP level 5. HP: 30/35 MP: 5/5
  2853 | D:3      | Found a blossoming altar of Fedhas.
  2855 | D:3      | Found an ancient bone altar of Kikubaaqudgha.
  3126 | D:3      | Noticed Terence
  3154 | D:3      | Killed Terence
  3177 | D:3      | Noticed Jessica
  3188 | D:3      | Killed Jessica
  3398 | D:3      | Found a sacrificial altar of Ru.
  3610 | D:3      | Found a shattered altar of Ashenzari.
  3796 | D:3      | Reached XP level 6. HP: 41/41 MP: 6/6
  4009 | D:3      | Identified a +1 pair of boots of running (You found it on
                  | level 3 of the Dungeon)
  4063 | D:4      | Noticed an ogre
  4073 | D:4      | Killed an ogre
  4206 | D:4      | Reached XP level 7. HP: 46/46 MP: 7/7
  4351 | D:4      | Noticed Grinder
  4361 | D:4      | Killed Grinder
  4361 | D:4      | Reached skill level 1 in Armour
  4457 | D:4      | Found a staircase to the Ecumenical Temple.
  4466 | Temple   | Entered the Ecumenical Temple
  4524 | Temple   | Became a worshipper of Dithmenos the Shadowed
  4813 | D:4      | Reached skill level 5 in Short Blades
  4813 | D:4      | Reached XP level 8. HP: 54/54 MP: 8/8
  4861 | D:5      | Entered Level 5 of the Dungeon
  4894 | D:5      | Reached skill level 1 in Slings
  5540 | D:5      | Found an ornate altar of the Wu Jian Council.
  5668 | D:5      | Noticed Edmund
  5696 | D:5      | Killed Edmund
  5696 | D:5      | Reached * piety under Dithmenos
  5735 | D:5      | Reached skill level 1 in Shields
  5936 | D:5      | Reached XP level 9. HP: 59/59 MP: 9/9
  6529 | D:6      | Found Sipiynod's Magic Scroll Shoppe.
  6647 | D:6      | Noticed Duvessa
  6685 | D:6      | Killed Duvessa
  6685 | D:6      | Reached skill level 5 in Fighting
  6685 | D:6      | Reached skill level 5 in Slings
  6987 | D:6      | Found a radiant altar of Vehumet.
  6988 | D:6      | Noticed Dowan
  7003 | D:6      | Killed Dowan
  7099 | D:6      | Reached ** piety under Dithmenos
  7701 | D:7      | Found Dudog's Antique Weapon Boutique.
  7873 | D:7      | Found a stormy altar of Qazlal.
  7889 | D:7      | Reached skill level 5 in Armour
  8283 | D:7      | Reached XP level 10. HP: 66/66 MP: 10/10
  8327 | D:7      | Found a hazy altar of Hepliaklqana.
  8931 | D:8      | Reached *** piety under Dithmenos
  8992 | D:8      | Reached skill level 5 in Shields
  9136 | D:8      | Found a staircase to the Lair.
  9177 | D:8      | Paralysed by a kobold for 3 turns
  9709 | D:8      | Found Zelilust's Book Emporium.
 10165 | D:9      | Reached **** piety under Dithmenos
 10263 | D:9      | Found an opulent altar of Gozag.
 10595 | D:10     | Entered Level 10 of the Dungeon
 10621 | D:10     | Reached skill level 1 in Invocations
 10621 | D:10     | Reached XP level 11. HP: 74/74 MP: 11/11
 10869 | D:10     | Found a staircase to the Orcish Mines.
 11114 | D:10     | Reached ***** piety under Dithmenos
 11277 | D:10     | Found a runed translucent door.
 11277 | D:10     | Noticed gbos's ghost (novice DsBe)
 11279 | D:10     | Noticed a wolf spider
 11651 | Lair:1   | Entered Level 1 of the Lair of Beasts
 11705 | Lair:1   | Reached skill level 10 in Slings
 12309 | Lair:1   | Reached skill level 10 in Short Blades
 12483 | Lair:2   | Found a hole to the Spider Nest.
 12875 | Lair:2   | Reached skill level 5 in Dodging
 12881 | Lair:2   | Reached XP level 12. HP: 50/83 MP: 14/14
 13539 | Lair:2   | Found a staircase to the Swamp.
 14348 | Lair:3   | Reached skill level 5 in Throwing
 14349 | Lair:3   | Noticed a five-headed hydra
 14406 | Lair:3   | Killed a five-headed hydra
 15103 | Lair:4   | Noticed Nessos
 15127 | Lair:4   | Noticed a death yak
 15127 | Lair:4   | Noticed a death yak
 15130 | Lair:4   | Noticed a death yak
 15146 | Lair:3   | Killed a death yak
 15214 | Lair:3   | Killed a death yak
 15214 | Lair:3   | Reached skill level 10 in Stealth
 15214 | Lair:3   | Reached XP level 13. HP: 77/90 MP: 15/15
 15548 | Lair:4   | Killed Nessos
 15679 | Lair:4   | Reached skill level 10 in Fighting
 16088 | Lair:4   | Noticed an eight-headed hydra
 16188 | Lair:4   | Killed an eight-headed hydra
 16384 | Lair:4   | Noticed Snorg
 16403 | Lair:4   | Killed Snorg
 16857 | Lair:5   | Found a frozen archway.
 16869 | IceCv    | Entered an ice cave
 17248 | IceCv    | Noticed a frost giant
 17362 | IceCv    | Killed a frost giant
 17362 | IceCv    | Reached XP level 14. HP: 51/99 MP: 16/16
 17670 | IceCv    | Reached ****** piety under Dithmenos
 18049 | Lair:5   | Noticed Josephine
 18674 | Lair:5   | Gained mutation: You passively map a small area around you.
                  | [potion of mutation]
 18675 | Lair:5   | Lost mutation: You passively map a small area around you.
                  | [potion of mutation]
 18676 | Lair:5   | Gained mutation: You are agile. (Dex +2) [potion of
                  | mutation]
 18677 | Lair:5   | Lost mutation: You are agile. (Dex +2) [potion of mutation]
 18677 | Lair:5   | Gained mutation: You are weak. (Str -2) [potion of
                  | mutation]
 18677 | Lair:5   | Gained mutation: You are partially covered in molten
                  | scales. (AC +2) [potion of mutation]
 18678 | Lair:5   | Lost mutation: You are weak. (Str -2) [potion of mutation]
 18678 | Lair:5   | Lost mutation: You are partially covered in molten scales.
                  | (AC +2) [potion of mutation]
 18678 | Lair:5   | Gained mutation: Scrolls take you a little longer to read.
                  | [potion of mutation]
 18679 | Lair:5   | Lost mutation: Scrolls take you a little longer to read.
                  | [potion of mutation]
 18679 | Lair:5   | Gained mutation: You expend magic power (3 MP) to
                  | strengthen your wands. [potion of mutation]
 18751 | Lair:5   | Reached skill level 10 in Dodging
 19051 | Lair:5   | Killed Josephine
 19538 | Lair:6   | Entered Level 6 of the Lair of Beasts
 20232 | Lair:6   | Found a staircase to the Slime Pits.
 21056 | Lair:6   | Reached XP level 15. HP: 108/108 MP: 17/17
 21707 | Orc:1    | Entered Level 1 of the Orcish Mines
 21893 | Orc:2    | Entered Level 2 of the Orcish Mines
 22149 | Orc:2    | Noticed Donald
 22183 | Orc:1    | Killed Donald
 23023 | Orc:2    | Found Piogi's Gadget Boutique.
 23023 | Orc:2    | Found Xocoo's Armour Emporium.
 23027 | Orc:2    | Found Xarurient's Food Boutique.
 23027 | Orc:2    | Found Velaj's Distillery.
 23167 | Orc:2    | Found a staircase to the Elven Halls.
 23509 | D:11     | Noticed Harold
 23683 | D:10     | Killed Harold
 24058 | D:11     | Reached skill level 10 in Shields
 24746 | D:12     | Noticed Nergalle
 24781 | D:12     | Killed Nergalle
 25866 | D:13     | Found a gate to the Vaults.
 25888 | D:13     | Reached XP level 16. HP: 103/116 MP: 18/18
 25915 | D:13     | Got a scorched arbalest
 26961 | D:14     | Found a blossoming altar of Fedhas.
 27413 | D:14     | Identified a scroll of acquirement
 27413 | D:14     | Acquired a +2 hunting sling of flaming
 27439 | D:15     | Entered Level 15 of the Dungeon
 28285 | D:15     | Found a staircase to the Depths.
 28490 | Spider:1 | Entered Level 1 of the Spider Nest
 28521 | Spider:1 | Reached skill level 1 in Evocations
 30428 | Spider:3 | Reached XP level 17. HP: 125/125 MP: 19/19
 31060 | Spider:3 | Got a heavily runed scale mail
 31061 | Spider:3 | Identified the cursed +1 scale mail "Itwasaun" {rElec
                  | Regen+ Int+2} (You found it on level 3 of the Spider Nest)
 31261 | Spider:3 | Got a steaming ivory ring
 31263 | Spider:3 | Identified the ring "Ypyomouru" {+Blink rPois rN+ Str-2
                  | Dex+6} (You found it on level 3 of the Spider Nest)
 31339 | Spider:3 | Noticed Mara
 31341 | Spider:3 | Killed Mara
 31341 | Spider:3 | Reached skill level 5 in Evocations
 31493 | Spider:3 | Noticed Asterion
 31496 | Spider:3 | Killed Asterion
 32278 | Spider:4 | Entered Level 4 of the Spider Nest
 33903 | Spider:3 | Reached skill level 15 in Fighting
 35499 | Spider:4 | Reached XP level 18. HP: 134/134 MP: 23/23
 35903 | Spider:4 | Got a gossamer rune of Zot
 36209 | Swamp:1  | Entered Level 1 of the Swamp
 36918 | Swamp:1  | Reached skill level 15 in Shields
 37423 | Swamp:1  | Got a warped leather armour
 37424 | Swamp:1  | Identified the cursed +1 leather armour of Complete
                  | Protection {rF- rC+++ Regen+ Str-4} (You found it on level
                  | 1 of the Swamp)
 40328 | Swamp:3  | Found a shimmering blue altar of Sif Muna.
 41732 | Swamp:3  | Reached XP level 19. HP: 141/141 MP: 25/25
 41937 | Swamp:4  | Entered Level 4 of the Swamp
 42243 | Swamp:4  | Reached skill level 15 in Stealth
 44214 | Swamp:4  | Got a decaying rune of Zot
 45260 | Orc:2    | Bought a potion of resistance for 100 gold pieces
 45260 | Orc:2    | Bought a potion of might for 40 gold pieces
 45260 | Orc:2    | Bought a potion of curing for 30 gold pieces
 45418 | Vaults:1 | Entered Level 1 of the Vaults
 48075 | Vaults:1 | Reached XP level 20. HP: 120/150 MP: 26/26
 48583 | Vaults:2 | HP: 6/151 [deep elf mage/bolt of lightning (20)]
 49757 | Vaults:2 | HP: 2/151 [vault warden/+0 war axe (10)]
 49759 | Vaults:2 | Shot with a bolt by a yaktaur

Illustrated notes

Levels and vault maps discovered:
D:1:      lemuel_arrival_rhombus, layout_basic, serial_bayou_pond_d,
          minmay_stone_trees_large
D:2:      layout_basic
D:3:      layout_basic, grunt_temple_overflow_growth_and_decay,
          nicolae_ru_path_of_blood, nicolae_ashenzari_panopticon, uniq_jessica,
          uniq_terence
D:4:      layout_basic, minmay_temple_entry_stoned_glass, grunt_ministairs_11,
          uniq_grinder
D:5:      minmay_recursive_quarters, layout_loops_ring, old_standard_altar,
          serial_co_window_serial, co_window_paths_a,
          co_window_of_opportunity_a, co_window_paths_b,
          co_window_of_opportunity_a, co_window_of_opportunity_a,
          co_window_of_opportunity_c, co_window_cross_3, co_window_corner_b,
          co_window_of_opportunity_c, co_window_2corner, co_window_4corner_a,
          glass_columns_a, glass_columns_a, first_ration, uniq_edmund
D:6:      lemuel_ratsnest, layout_basic, overflow_temple_1_default,
          serial_shops, shop, chequers_serial_rivers_micro_c,
          kennysheep_cross_bottleneck, uniq_duvessa
D:7:      layout_cave_pools, nicolae_overflow_hidden_temple,
          nicolae_qazlal_style_of_elements, serial_shops, shop
D:8:      layout_basic, lair_entry_dummy, serial_shops, kennysheep_little_box
D:9:      layout_roguey, nicolae_gozag_cash_rules_everything_around_me
D:10:     layout_roguey, hiddenorc2_lemuel, ebering_ghost_inner_flame
D:11:     wander_river, layout_cave_pools, uniq_harold
D:12:     layout_stronghold, grunt_ogre_cave, uniq_nergalle
D:13:     layout_roguey, grunt_vaults_entry_tiered
D:14:     layout_irregular_city, fedhas_altar_2
D:15:     grunt_enter_depths_snipers, layout_irregular_city,
          minmay_misc_feat_square
Temple:   dshaligram_water_room_temple
Lair:1:   statuecave_lemuel, layout_misc_corridors, minmay_holes,
          infiniplex_staircase_pool, lemuel_fruit_fields
Lair:2:   layout_misc_corridors, nicolae_swamp_entry_splash_gauntlet,
          spider_nest_entry_web_field, enter_volcano_3
Lair:3:   layout_layer_cave
Lair:4:   layout_regular_city, beast_lair_carwin_9, grunt_megastairs_2,
          serial_bayou_shore_a, uniq_snorg, uniq_nessos
Lair:5:   cheibrodos_magma_flow, layout_cave_pods,
          portal_ice_cave_entry_pillars_1, fungi_pond_lemuel, uniq_josephine
Lair:6:   evilmike_catoblepas_cave, layout_cave_pods,
          nicolae_slime_entry_slimehenge, kennysheep_abandoned_house
Swamp:1:  layout_basic_swamp, evilmike_swamp_ruin_house_1
Swamp:2:  layout_basic_swamp, evilmike_swamp_ruin_house_3,
          nicolae_swamp_oklob_treasure_island, infiniplex_staircase_pool_2
Swamp:3:  layout_falls_marsh, basic_altar, ldierk_geyser
Swamp:4:  swamp, layout_basic_swamp
Spider:1: layout_spider_delve, spiders_nest_hornet_nest
Spider:2: layout_spider_delve
Spider:3: layout_chambers, hive_lemuel, uniq_asterion, uniq_mara
Spider:4: grunt_spider_rune_parallel
Orc:1:    layout_caves, statue_in_the_mist_lemuel
Orc:2:    grunt_orc_tribal_feast, layout_caves, uniq_donald
Vaults:1: hangedman_vaults_corner, ontoclasm_vaults_eye,
          vaults_mumra_chevron_long, nicolae_vaults_network_star,
          vaults_dpeg_diagonal, ontoclasm_vaults_twist, grunt_vaults_diagonal,
          v_misc_23, hangedman_vaults_hat, ontoclasm_vaults_chip,
          nicolae_vaults_little_squares_5, vaults_mumra_hex, layout_vaults_ring
Vaults:2: vaults_mumra_bighexcomb, v_misc_17, ontoclasm_vaults_hangar,
          ontoclasm_vaults_shuriken, minmay_crypt_entry_skeletal_spiral,
          hangedman_vaults_slice, hangedman_vaults_corner_blocks,
          ontoclasm_vaults_ring_square, v_misc_11, vaults_room_pool,
          nicolae_vaults_specimen_jars, nicolae_vaults_alarming,
          layout_vaults_omnicross

Skill      XL: |  1  2  3  4  5  6  7  8  9 10 11 12 13 14 15 16 17 18 19 20 |
---------------+-------------------------------------------------------------+-----
Fighting       | 2 3 4 5 6 8 9 10 11 12 14 15 16 17 | 17.2
Short Blades   | 3 4 5 6 7 9 10 | 10.0
Dodging        | 2 3 5 7 9 10 | 10.0
Stealth        | 5 6 7 10 11 13 14 16 | 16.9
Throwing       | 3 4 5 7 8 |  8.5
Armour         | 2 3 5 |  5.5
Slings         | 3 6 9 11 | 11.4
Shields        | 1 4 5 8 11 13 14 16 17 | 17.6
Invocations    | 1 3 4 |  4.6
Evocations     | 3 7 8 |  8.0

Action                   |  1- 3 |  4- 6 |  7- 9 | 10-12 | 13-15 | 16-18 | 19-21 || total
-------------------------+-------+-------+-------+-------+-------+-------+-------++-------
Melee: Dagger            |   109 |   136 |   385 |   731 |  1393 |  1589 |  1007 ||  5350
       Hunting sling     |       |       |       |       |     1 |       |       ||     1
 Fire: Hunting sling     |       |       |    57 |   107 |   149 |   182 |    70 ||   565
Throw: Dart              |     6 |    52 |    71 |   100 |   168 |   254 |    29 ||   680
Invok: Shadow Step       |       |       |       |       |     3 |    33 |     1 ||    37
 Abil: Evoke Blink       |       |       |       |       |       |     1 |     3 ||     4
Evoke: Wand              |       |       |       |       |     5 |       |     3 ||     8
       Lightning rod     |       |       |       |       |       |       |     4 ||     4
  Use: Scroll            |       |    12 |     7 |    13 |    10 |    15 |     5 ||    62
       Potion            |       |       |       |     2 |    15 |    13 |    23 ||    53
 Stab: Sleeping          |     7 |    11 |    19 |    38 |    34 |    93 |    22 ||   224
       Distracted        |       |       |     2 |     3 |     4 |     4 |     3 ||    16
       Invisible         |       |       |       |       |     4 |       |       ||     4
       Confused          |       |       |       |       |       |     1 |     1 ||     2
       Held in net/web   |       |       |       |       |       |     1 |       ||     1
  Eat: Chunk             |     2 |     8 |    12 |    19 |    27 |    24 |     9 ||   101
       Ration            |       |       |       |     1 |     1 |     7 |     5 ||    14
Armor: Robe              |    21 |    18 |    46 |    69 |       |   148 |    87 ||   389
       Scale mail        |       |       |       |    15 |    59 |       |       ||    74
       Troll leather arm |       |       |       |       |   167 |   107 |       ||   274
       Skin              |       |       |       |       |       |       |    32 ||    32
Dodge: Dodged            |    70 |    62 |   169 |   297 |   744 |  1017 |   544 ||  2903
Block: Buckler           |       |       |    69 |   150 |    84 |       |       ||   303
       Kite shield       |       |       |       |       |   488 |  1081 |   597 ||  2166
